 Dungeon Crawl Stone Soup version 0.29-a0-121-g8efb068a30 (webtiles) character file.

Game seed: 1133942617515078523

41783 ooooo the Covert (level 14, -4/92 (93) HPs)
             Began as an Octopode Conjurer on Feb 20, 2022.
             Was an Initiate of Gozag.
             Slain by a hellwing (9 damage)
             ... on level 6 of the Lair of Beasts.
             The game lasted 00:53:51 (23307 turns).

ooooo the Covert (Octopode Conjurer)               Turns: 23307, Time: 00:53:51

HP:   -4/92 (93)    AC:  2    Str: 12    XL:     14   Next: 16%
MP:   10/38         EV: 20    Int: 24    God:    Gozag
Gold: 3211          SH:  0    Dex: 12    Spells: 19/35 levels left

rFire   + . .      SeeInvis +   f - +2 dagger (venom)
rCold   . . .      Faith    .   (no shield)
rNeg    + . .      Spirit   .   F - +1 hat
rPois   .          Reflect  .   (no amulet)
rElec   .          Harm     .   c - ring of magical power
rCorr   .          Rampage  .   m - ring of positive energy
Will    +....                   d - +4 ring of evasion
Stlth   ++++++....              y - ring of protection from fire
HPRegen 0.25/turn               x - +6 ring of strength
MPRegen 0.26/turn               L - ring of see invisible
                                H - +4 ring of slaying
                                (no ring)

@: gold aura, very slightly contaminated, lightly drained
A: almost no armour, amphibious, 8 rings, camouflage 1, gelatinous body 1,
(nimble swimmer 1), tentacles, tentacle spike 1, wild magic 1
a: Renounce Religion, Potion Petition, Call Merchant, Bribe Branch


You were on level 6 of the Lair of Beasts.
You worshipped Gozag.
Gozag was most pleased with you.
You visited 3 branches of the dungeon, and saw 15 of its levels.

You collected 3312 gold pieces.
You paid 101 gold pieces to Gozag.

Inventory:

Hand Weapons
 f - a +2 dagger of venom (weapon)
Missiles
 q - 2 throwing nets
Armour
 F - a +1 hat (worn)
Magical Staves
 v - a staff of conjuration
Jewellery
 c - a ring of magical power (left tentacle)
 d - a +4 ring of evasion (on tentacle)
 m - a ring of positive energy (right tentacle)
 u - a ring of fire
 x - a +6 ring of strength (on tentacle)
 y - a ring of protection from fire (on tentacle)
 H - a +4 ring of slaying (on tentacle)
 L - a ring of see invisible (on tentacle)
 P - a ring of positive energy
Wands
 g - a wand of flame (41)
 A - a wand of paralysis (5)
 C - a wand of iceblast (7)
 G - a wand of polymorph (2)
Scrolls
 l - 2 scrolls of fog
 n - 4 scrolls of teleportation
 p - 3 scrolls of noise
 s - 2 scrolls of enchant weapon
 t - a scroll of torment
 z - 2 scrolls of magic mapping
 E - 5 scrolls of identify
 I - a scroll of amnesia {unknown}
 J - 3 scrolls of acquirement {unknown}
 K - a scroll of vulnerability
 M - a scroll of brand weapon {unknown}
Potions
 a - 3 potions of mutation
 b - 2 potions of haste
 e - a potion of attraction
 h - a potion of invisibility {unknown}
 i - 2 potions of magic {unknown}
 j - 8 potions of curing
 k - a potion of brilliance {unknown}
 o - a potion of lignification {unknown}
 r - 3 potions of cancellation
 w - a potion of might {unknown}
 B - 3 potions of heal wounds {unknown}
 D - 2 potions of ambrosia {unknown}
 Q - 2 potions of degeneration {unknown}
Miscellaneous
 N - a box of beasts
 O - a condenser vane


   Skills:
 + Level 7.7 Fighting
 + Level 8.1 Dodging
 + Level 11.4 Stealth
 + Level 11.3 Spellcasting
 - Level 10.1 Conjurations
 - Level 6.0 Hexes
 - Level 5.0 Translocations
 * Level 11.2 Earth Magic


You had 19 spell levels left.
You knew the following spells:

 Your Spells              Type           Power      Damage    Failure   Level
a - Magic Dart            Conj           100%       1d8       1%          1
b - Searing Ray           Conj           100%       2d8       1%          2
c - Fulminant Prism       Conj/Hex       31%        3d16      3%          4
d - Iskenderun's Mystic   Conj/Tloc      60%        2d13      3%          4
e - Borgnjor's Vile Clut  Necr/Erth      25%        N/A       19%         5

Your spell library contained the following spells:

 Spells                   Type           Power      Damage    Failure   Level
 Blink                    Tloc           96%        N/A       1%          2
 Dazzling Flash           Conj/Hex       100%       N/A       1%          3
 Lesser Beckoning         Tloc           48%        N/A       3%          3
 Mephitic Cloud           Conj/Pois/Air  38%        N/A       6%          3
 Beastly Appendage        Tmut           34%        N/A       8%          1
 Freeze                   Ice            68%        1d8       8%          1
 Petrify                  Tmut/Erth      51%        N/A       8%          4
 Hailstorm                Conj/Ice       49%        3d11      9%          4
 Corpse Rot               Necr/Air       34%        N/A       11%         2
 Poisonous Vapours        Pois/Air       34%        N/A       11%         2
 Sublimation of Blood     Necr           17%        N/A       11%         2
 Wereblood                Tmut           17%        N/A       11%         2
 Frozen Ramparts          Ice            34%        1d5       21%         3
 Ignite Poison            Fire/Tmut/Pois 17%        N/A       21%         3
 Spider Form              Tmut/Pois      17%        N/A       21%         3
 Fireball                 Conj/Fire      24%        3d11      22%         5
 Irradiate                Conj/Tmut      24%        3d22      22%         5
 Lightning Bolt           Conj/Air       24%        1d40      22%         5
 Manifold Assault         Tloc           48%        N/A       22%         5
 Freezing Cloud           Conj/Ice/Air   19%        6-21      41%         5
 Silence                  Hex/Air        18%        N/A       45%         5
 Airstrike                Air            8%         N/A       50%         4
 Animate Dead             Necr           8%         N/A       50%         4
 Summon Lightning Spire   Summ/Air       17%        N/A       50%         4
 Summon Forest            Summ/Tloc      16%        N/A       50%         5
 Starburst                Conj/Fire      24%        6d8       73%         6
 Agony                    Necr           17%        N/A       83%         5
 Death Channel            Necr           8%         N/A       100%        6
 Eringya's Noxious Bog    Tmut/Pois      8%         N/A       100%        6
 Summon Hydra             Summ           8%         N/A       100%        7
 Borgnjor's Revivificati  Necr           8%         N/A       100%        8
 Ignition                 Fire           8%         3d5       100%        8
 Necromutation            Tmut/Necr      8%         N/A       100%        8
 Death's Door             Necr           8%         N/A       100%        9


Dungeon Overview and Level Annotations

Branches:
Dungeon (8/15)             Temple (1/1) D:5            Lair (6/6) D:8
 Shoals (0/4) Lair:4       Spider (0/4) Lair:2        Slime (0/5) Lair:5

Altars:
Ashenzari
Cheibriados
Dithmenos
Elyvilon
Fedhas
Gozag
Kikubaaqudgha
Makhleb
Nemelex Xobeh
Qazlal
Ru
Sif Muna
Trog
Uskayaw
Vehumet
Xom
Yredelemnul
Zin
The Shining One

Annotations:
D:8 2 runed translucent doors
Lair:1 exclusion: bullfrog


Innate Abilities, Weirdness & Mutations

You cannot wear most types of armour.
You are amphibious.
You can wear up to eight rings at the same time.
Your skin changes colour to match your surroundings (Stealth+).
Your rubbery body absorbs attacks. (AC +1, EV +1)
((You are camouflaged when in or above water. (Stealth+)))
You have tentacles for arms and can constrict up to eight enemies at once.
One of your tentacles bears a spike.
Your spells are a little harder to cast, but a little more powerful.


Message History

Aiming: Fulminant Prism (dangerous; 3% risk of failure)
Press: ? - help, Dir - move target, p - hellwing You conjure a prism of explosive energy!
A fulminant prism comes into view.
The zombie hands constrict the hellwing.
You feel sick.
The hellwing escapes!
Unknown command.
You feel sick.
The hellwing swoops through the air toward you!
The hellwing hits you but does no damage.
The hellwing misses you.
Your fulminant prism crackles loudly.
You hit the hellwing.
The hellwing is moderately wounded.
You feel sick. The hellwing completely misses you. The hellwing hits you.
Your fulminant prism explodes!
The blast of energy engulfs you!!!
* * * LOW HITPOINT WARNING * * *
You hit the hellwing but do no damage.
The hellwing is poisoned.
You pierce the hellwing, but do no damage.
The hellwing is lightly wounded.
You feel sick. The hellwing barely misses you.
The hellwing completely misses you.
Casting: Fulminant Prism (dangerous; 3% risk of failure)
Confirm with . or Enter, or press ? or * to list all spells.
You erupt in a blast of force!
The mystic blast hits the hellwing.
The hellwing is moderately wounded.
The hellwing is knocked back by the mystic blast.
You feel sick.
You feel better.
Casting: Iskenderun's Mystic Blast (dangerous; 3% risk of failure)
Confirm with . or Enter, or press ? or * to list all spells.
You erupt in a blast of force!
The mystic blast hits the hellwing but does no damage.
The hellwing is moderately wounded.
The hellwing hits you!
* * * LOW HITPOINT WARNING * * *
The hellwing hits you!
You die...
Your body crumbles into a pile of gold.

.............#########'♣♣♣♣♣
....8....8...#........#♣ ♣
............)'...8.8..# ♣.
##############..8.#...# ♣.
.......#...8.#..# ♣..
......$#..#.8...# ♣.. $
.._....'...#.8..# ♣.
.......#..8.8...# ♣♣
≈≈.....#..@4....#
≈≈≈≈############# ≈≈≈ ##


You could see a hellwing (very poisoned).

Vanquished Creatures
  Gastronok (Lair:1)
  7 hydras
  2 catoblepae (Lair:4)
  A sun demon (Lair:6)
  A wizard (Lair:6)
  Pikel (D:8)
  2 oklob plants
  8 elephants (Lair:6)
  10 black mambas
  3 orange demons (Lair:6)
  Maurice (D:8)
  Joseph (Lair:1)
  11 cane toads
  6 komodo dragons
  7 rime drakes
  2 ice devils (Lair:6)
  A red devil (Lair:6)
  A meliai (Lair:2)
  A troll (D:8)
  3 polar bears
  Prince Ribbit (Lair:1)
  19 blink frogs
  4 wyverns
  Sigmund (D:2)
  28 yaks
  5 basilisks
  A steam dragon (D:7)
  Edmund (D:4)
  16 water moccasins
  3 hell hounds (Lair:6)
  An orc warrior (D:8)
  3 ogres
  29 wolves
  A centaur (D:7)
  3 phantoms
  A kobold brigand (D:8)
  12 bullfrogs
  3 scorpions
  A wyvern skeleton (D:7)
  A water moccasin skeleton (D:4)
  13 killer bees
  5 wights (D:8)
  5 electric eels
  5 howler monkeys
  3 gnoll shamans
  4 orc priests
  4 hounds
  A jelly (D:6)
  A bullfrog skeleton (D:6)
  Natasha (thrice) (D:2)
  An iguana (D:4)
  4 orc wizards
  4 hell rats (Lair:4)
  Robin (D:3)
  A howler monkey zombie (D:8)
  A howler monkey skeleton (D:5)
  10 gnolls
  2 adders (D:2)
  A shadow imp (D:5)
  2 white imps
  An adder skeleton (D:4)
  2 worms
  2 dart slugs
  22 orcs
  10 endoplasms
  2 giant cockroaches (D:1)
  21 goblins
  10 hobgoblins
  2 quokkas
  17 ball pythons
  8 bats
  3 frilled lizards
  14 kobolds
  2 rats (D:1)
391 creatures vanquished.

Vanquished Creatures (others)
  A bush (Lair:5)
  280 fulminant prisms
  68 fungi
  61 plants
410 creatures vanquished.

Grand Total: 801 creatures vanquished

Notes
Turn   | Place    | Note
-------+----------+-------------------------------------------
     0 | D:1      | ooooo the Octopode Conjurer began the quest for the Orb.
     0 | D:1      | Reached XP level 1. HP: 11/11 MP: 3/3
   282 | D:1      | Reached XP level 2. HP: 17/17 MP: 3/5
   373 | D:1      | Learned a level 2 spell: Searing Ray
   855 | D:1      | Reached XP level 3. HP: 21/21 MP: 6/6
  1374 | D:2      | Noticed Natasha
  1379 | D:2      | Killed Natasha
  1380 | D:2      | Reached XP level 4. HP: 19/27 MP: 8/8
  1385 | D:2      | Learned a level 4 spell: Fulminant Prism
  1590 | D:2      | Noticed Natasha
  1593 | D:2      | Killed Natasha
  1594 | D:2      | Reached skill level 5 in Conjurations
  1660 | D:2      | Reached skill level 1 in Hexes
  1668 | D:2      | Noticed Sigmund
  1676 | D:2      | Gained mutation: Your spells are a little harder to cast,
                  | but a little more powerful. [potion of mutation]
  1676 | D:2      | Gained mutation: One of your tentacles bears a spike.
                  | [potion of mutation]
  1687 | D:2      | Killed Sigmund
  1688 | D:2      | Reached XP level 5. HP: 11/31 MP: 10/10
  1688 | D:2      | Reached XP level 6. HP: 13/36 MP: 11/11
  2058 | D:2      | Noticed Natasha
  2272 | D:2      | Killed Natasha
  2280 | D:2      | Learned a level 4 spell: Iskenderun's Mystic Blast
  3050 | D:3      | Noticed Robin
  3062 | D:3      | Killed Robin
  3295 | D:3      | Reached skill level 1 in Translocations
  3345 | D:3      | Noticed a water moccasin
  3368 | D:3      | Killed a water moccasin
  3369 | D:3      | Reached XP level 7. HP: 41/41 MP: 13/13
  4074 | D:4      | Found a broken altar of Ashenzari.
  4512 | D:4      | Reached XP level 8. HP: 46/46 MP: 15/15
  4572 | D:4      | Reached skill level 5 in Spellcasting
  4904 | D:4      | Noticed Edmund
  4913 | D:4      | Killed Edmund
  5028 | D:5      | Entered Level 5 of the Dungeon
  5107 | D:5      | Found a staircase to the Ecumenical Temple.
  5120 | Temple   | Entered the Ecumenical Temple
  5329 | Temple   | Became a worshipper of Gozag Ym Sagoz the Greedy
  5575 | D:5      | Noticed a wyvern
  5579 | D:5      | Killed a wyvern
  5958 | D:5      | Identified the +1 robe "Tock" {Int+4}
  6158 | D:6      | Reached skill level 5 in Hexes
  6310 | D:6      | Found a hide-covered altar of Uskayaw.
  6349 | D:6      | Reached XP level 9. HP: 51/51 MP: 17/17
  6553 | D:6      | Found a shadowy altar of Dithmenos.
  7299 | D:7      | Reached skill level 5 in Translocations
  8148 | D:8      | Noticed Maurice
  8170 | D:8      | Killed Maurice
  8171 | D:8      | Reached XP level 10. HP: 56/56 MP: 6/21
  8654 | D:8      | Noticed Pikel
  8657 | D:8      | Killed Pikel
  8720 | D:8      | Found a large runed translucent door.
  8721 | D:8      | Found a large runed translucent door.
  8933 | D:8      | Reached skill level 10 in Conjurations
  9883 | D:8      | Found a staircase to the Lair.
 10656 | D:8      | Learned a level 5 spell: Borgnjor's Vile Clutch
 10691 | Lair:1   | Entered Level 1 of the Lair of Beasts
 10692 | Lair:1   | Noticed a cane toad
 10699 | Lair:1   | Reached skill level 1 in Earth Magic
 10703 | Lair:1   | Killed a cane toad
 10704 | Lair:1   | Reached skill level 1 in Fighting
 10900 | Lair:1   | Noticed Prince Ribbit
 10905 | Lair:1   | Killed Prince Ribbit
 10909 | Lair:1   | Reached XP level 11. HP: 56/64 MP: 1/24
 11350 | Lair:1   | Noticed Joseph
 11359 | Lair:1   | Killed Joseph
 11371 | Lair:1   | Noticed a four-headed hydra
 11382 | Lair:1   | Killed a four-headed hydra
 11383 | Lair:1   | Reached skill level 5 in Stealth
 11931 | Lair:1   | Noticed Gastronok
 12305 | Lair:1   | Killed Gastronok
 12306 | Lair:1   | Reached skill level 5 in Earth Magic
 12430 | Lair:2   | Found a hole to the Spider Nest.
 13296 | Lair:2   | Reached XP level 12. HP: 74/74 MP: 3/25
 13308 | Lair:2   | Reached skill level 5 in Dodging
 13780 | Lair:2   | Noticed a six-headed hydra
 13839 | Lair:2   | Killed a six-headed hydra
 14327 | Lair:3   | Reached skill level 10 in Spellcasting
 14374 | Lair:3   | Reached skill level 5 in Fighting
 15247 | Lair:4   | Noticed a four-headed hydra
 15252 | Lair:4   | Killed a four-headed hydra
 15674 | Lair:4   | Noticed a catoblepas
 15686 | Lair:4   | Killed a catoblepas
 15891 | Lair:4   | Noticed a catoblepas
 15907 | Lair:4   | Killed a catoblepas
 16354 | Lair:4   | Found a staircase to the Shoals.
 16744 | Lair:5   | Reached XP level 13. HP: 83/83 MP: 27/27
 17005 | Lair:5   | Found a staircase to the Slime Pits.
 17951 | Lair:6   | Entered Level 6 of the Lair of Beasts
 18291 | Lair:6   | Reached skill level 10 in Stealth
 19315 | Lair:6   | Found a bloodstained altar of Trog.
 19331 | Lair:6   | Reached skill level 10 in Earth Magic
 21854 | Lair:6   | Found a burning altar of Makhleb.
 21907 | Lair:6   | Reached XP level 14. HP: 83/92 MP: 19/29
 23307 | Lair:6   | Slain by a hellwing

Illustrated notes

Levels and vault maps discovered:
D:1:      scummos_arrival_simple_fountains, layout_basic, due_unseen_surprise
D:2:      layout_loops_ring, uniq_natasha, uniq_sigmund
D:3:      layout_basic, uniq_robin
D:4:      layout_rooms, lemuel_doored_altar, uniq_edmund
D:5:      layout_basic, minmay_temple_entry_purple_smoke
D:6:      lemuel_ice_spiral_2, layout_rooms,
          mainiacjoe_overflow_small_starburst, kennysheep_mini_moat,
          kennysheep_generic_room_13
D:7:      layout_rooms
D:8:      layout_layer_cave, jmf_multi_god_temple2, erik_lair_island,
          uniq_maurice, uniq_pikel
Temple:   eino_temple_rhombus
Lair:1:   layout_hall_layers, uniq_joseph, uniq_gastronok, uniq_prince_ribbit2
Lair:2:   layout_chaotic_city, hellmonk_spider_entry_not_the_bees, st_stairs_3,
          lemuel_fruit_tree, grunt_megastairs_5
Lair:3:   layout_loops_ring
Lair:4:   layout_long_grid, elwin_shoals_entry_rocks, minmay_lair_oklob_items
Lair:5:   layout_loops_ring, slime_dummy
Lair:6:   evil_forest, layout_cave_pods, basic_altar, patterned_corridor,
          serial_bayou_shore_a

Skill      XL: |  1  2  3  4  5  6  7  8  9 10 11 12 13 14 |
---------------+-------------------------------------------+-----
Spellcasting   | 3 4 5 7 9 10 11 | 11.3
Conjurations   | 5 6 7 9 10 | 10.1
Hexes          | 2 3 5 6 |  6.0
Translocations | 1 2 4 5 |  5.0
Stealth        | 4 6 9 11 | 11.4
Earth Magic    | 3 6 8 10 11 | 11.2
Fighting       | 2 4 6 7 |  7.7
Dodging        | 3 4 6 7 8 |  8.1

Action                   |  1- 3 |  4- 6 |  7- 9 | 10-12 | 13-15 || total
-------------------------+-------+-------+-------+-------+-------++-------
Melee: Unarmed           |     1 |       |       |       |       ||     1
       Dagger            |     1 |    33 |    17 |     7 |     4 ||    62
       Constrict         |       |    10 |     8 |     4 |     1 ||    23
       Tentacles         |       |     8 |     7 |     5 |       ||    20
       Kick              |       |    10 |     6 |     8 |     2 ||    26
       Punch             |       |       |     1 |       |       ||     1
       Staff             |       |       |     7 |    17 |       ||    24
 Cast: Magic Dart        |    53 |    21 |    39 |     7 |     4 ||   124
       Searing Ray       |     1 |    12 |    19 |     8 |     8 ||    48
       Fulminant Prism   |       |     2 |    45 |   127 |   107 ||   281
       Iskenderun's Myst |       |       |     4 |    27 |    38 ||    69
       Borgnjor's Vile C |       |       |       |     1 |    24 ||    25
Evoke: Wand              |       |       |     1 |       |     1 ||     2
  Use: Potion            |       |     4 |       |       |     2 ||     6
       Scroll            |       |     4 |     8 |     3 |     1 ||    16
 Stab: Sleeping          |     1 |    10 |     4 |       |       ||    15
Armor: Skin              |     1 |     1 |     1 |       |     2 ||     5
Dodge: Dodged            |     3 |    28 |    26 |    34 |    30 ||   121

Table legend: (Time is in decaauts)
 A = Elapsed time spent in this place.
 B = Non-inter-level travel time spent in this place.
 C = Inter-level travel time spent in this place.
 D = Time resting spent in this place.
 E = Time spent auto-exploring this place.
 F = Levels seen in this place.
 G = Mean time per level.
                   A        B        C        D        E       F      G
               +--------+--------+--------+--------+--------+-----+--------+
         Total |  23331 |  22622 |    709 |   7444 |  12361 |  15 | 1555.4 |
       Dungeon |  10888 |  10489 |    399 |   2522 |   6564 |   8 | 1361.0 |
        Temple |    225 |    177 |     48 |      0 |    163 |   1 |  225.0 |
          Lair |  12216 |  11954 |    262 |   4922 |   5634 |   6 | 2036.0 |
               +--------+--------+--------+--------+--------+-----+--------+

Top non-repeatable levels by time:
  Lair:5: 3420 daAuts
  Lair:6: 3083 daAuts
     D:8: 2990 daAuts
  Lair:1: 1826 daAuts
     D:2: 1579 daAuts
  Lair:3: 1372 daAuts
  Lair:4: 1314 daAuts
     D:1: 1269 daAuts
  Lair:2: 1198 daAuts
     D:3: 1157 daAuts
     D:5: 1109 daAuts
     D:4: 1022 daAuts
     D:6: 1013 daAuts
     D:7: 747 daAuts
  Temple: 225 daAuts
